 Dungeon Crawl Stone Soup version 0.30.0-19-g36f170ea60 (webtiles) character file.

Game seed: 9656845703523922354

701 Graphine the Ducker (level 7, -2/57 HPs)
             Began as a Merfolk Monk on May 29, 2023.
             Slain by Menkaure (14 damage)
             ... on level 4 of the Dungeon.
             The game lasted 00:10:24 (3198 turns).

Graphine the Ducker (Merfolk Monk)                  Turns: 3198, Time: 00:10:24

Health: -2/57      AC:  5    Str: 11    XL:     7   Next: 66%
Magic:  9/9        EV: 16    Int:  9    God:
Gold:   207        SH:  0    Dex: 19    Spells: 6/8 levels left

rFire   . . .        u - +0 long sword
rCold   + . .        d - orb {light}
rNeg    . . .        b - +1 robe
rPois   .            y - +0 helmet
rElec   .            (no cloak)
rCorr   .            l - +0 pair of gloves
SInv    .            (no boots)
Will    .....        (no amulet)
Stlth   +            k - ring of protection from cold
HPRegen 0.29/turn    (no ring)
MPRegen 0.11/turn

%: no passive effects
@: confused, ambrosia-drunk, wereblooded, glowing
A: (nimble swimmer 2), mertail
a: no special abilities


You were on level 4 of the Dungeon.
You visited 1 branch of the dungeon, and saw 4 of its levels.
You also visited: Sewer.

You collected 207 gold pieces.

Inventory:

Hand Weapons
 g - a +2 dagger of venom
 u - a +0 long sword (weapon)
Armour
 b - a +1 robe (worn)
 d - an orb of light (worn)
 l - a +0 pair of gloves (worn)
 y - a +0 helmet (worn)
Jewellery
 k - a ring of protection from cold (left hand)
Wands
 v - a wand of mindburst (12)
 w - a wand of digging (1)
Scrolls
 e - 3 scrolls of vulnerability
 n - a scroll of blinking
 q - a scroll of teleportation
 t - a scroll of fear
 x - a scroll of enchant armour
 z - a scroll of identify
Potions
 c - a potion of ambrosia
 f - a potion of lignification
 h - a potion of haste
 i - 3 potions of degeneration
 j - 2 potions of resistance {unknown}
 o - a potion of might {unknown}
 p - 3 potions of curing {unknown}
 s - 2 potions of brilliance {unknown}


   Skills:
 * Level 5.8 Fighting
 * Level 6.4 Long Blades
 * Level 7.0 Dodging
 * Level 1.3 Spellcasting
 * Level 2.2 Transmutations


You had 6 spell levels left.
You knew the following spells:

 Your Spells              Type           Power      Damage    Failure   Level
a - Wereblood             Tmut           4%         N/A       22%         2

Your spell library contained the following spells:

 Spells                   Type           Power      Damage    Failure   Level
 Beastly Appendage        Tmut           8%         N/A       14%         1
 Spider Form              Tmut/Pois      2%         N/A       56%         3


Dungeon Overview and Level Annotations

Branches:
Dungeon (4/15)              Sewer (visited)
 Temple: D:4-7

Altars:
Ashenzari
Dithmenos
Elyvilon
Fedhas
Sif Muna
Trog
Yredelemnul

Annotations:
D:4 Menkaure


Innate Abilities, Weirdness & Mutations

((You are very nimble when in or above water. (Stealth+, EV+, Speed+++)))
Your lower body shifts to a powerful aquatic tail in water.


Message History

You are too injured to fight recklessly!
You feel much better. Menkaure closely misses you.
Hit: u) +0 long sword
Press: ? - help, Dir - move target, f - Menkaure
Aim: Menkaure (fast, haloed, about 6% to evade your +0 long sword)
You hit Menkaure.
Menkaure is lightly damaged.
Menkaure blazes with dark energy!
Menkaure casts a spell at you. Pain shoots through your body!
Hit: u) +0 long sword
Press: ? - help, Dir - move target, f/p - Menkaure
Aim: Menkaure (lightly damaged, fast, haloed, about 6% to evade your +0 long sword)
You hit Menkaure.
Menkaure is moderately damaged.
Menkaure hits you. Menkaure hits you!!
* * * LOW HITPOINT WARNING * * *
You are confused.
You feel invigorated. Menkaure hits you.
* * * LOW HITPOINT WARNING * * *
You hit Menkaure.
Menkaure is moderately damaged.
Menkaure hits you but does no damage.
You bump into the rock wall.
Menkaure misses you.
You barely miss Menkaure.
Menkaure is moderately damaged.
Menkaure hits you. Menkaure misses you.
You bump into the rock wall.
Menkaure closely misses you.
You hit Menkaure but do no damage.
Menkaure is moderately damaged.
Menkaure hits you!
* * * LOW HITPOINT WARNING * * *
You completely miss Menkaure.
Menkaure is moderately damaged.
Menkaure calls on the powers of darkness!
Your body is wracked with pain!
* * * LOW HITPOINT WARNING * * *
Menkaure misses you. Menkaure attacks as you move away! Menkaure hits you!
You die...

..# #.# #.# #.# # .. ##.######
##.### #...).##. #......##
#.###'##'
.....≈..#############.#.....#
#..~.~~....M@.........#.....#
#.#~≈_~.#####.#.##....+##+##+
.####.#~~~~.#####.#.##....#..#...
......#~~~..##............#..#+##
...........###.##.#.......#..#...
....................#####.+..+.._
.#####<###.####.....# ###..#...
#.# #........# #..#'##
.#####.###.#.##.....# ####..#...


You could see Menkaure (fast).

Vanquished Creatures
  Grinder (D:3)
  Sigmund (D:3)
  An ogre (D:4)
  An orc priest (D:3)
  Robin (D:3)
  4 gnolls (D:2)
  6 adders
  3 worms
  A dart slug (D:3)
  4 orcs (D:3)
  6 bats
  3 endoplasms
  3 giant cockroaches
  22 goblins
  6 hobgoblins
  6 jackals (D:3)
  4 quokkas
  10 ball pythons
  16 frilled lizards
  3 kobolds
  10 rats
112 creatures vanquished.

Notes
Turn   | Place    | Note
-------+----------+-------------------------------------------
     0 | D:1      | Graphine the Merfolk Monk began the quest for the Orb.
     0 | D:1      | Reached XP level 1. HP: 18/18 MP: 1/1
    80 | D:1      | Reached XP level 2. HP: 16/24 MP: 2/2
   542 | D:1      | Reached XP level 3. HP: 30/30 MP: 3/3
  1265 | D:2      | Reached skill level 5 in Dodging
  1265 | D:2      | Reached XP level 4. HP: 19/37 MP: 4/4
  1733 | D:3      | Found a white marble altar of Elyvilon.
  1787 | D:3      | Found a bloodstained altar of Trog.
  1789 | D:3      | Noticed Grinder
  1810 | D:3      | Paralysed by Grinder for 2 turns
  1812 | D:3      | Killed Grinder
  1813 | D:3      | Reached skill level 5 in Fighting
  1813 | D:3      | Reached skill level 5 in Long Blades
  1813 | D:3      | Reached skill level 6 in Dodging
  1813 | D:3      | Reached XP level 5. HP: 27/44 MP: 5/5
  1813 | D:3      | Reached XP level 6. HP: 32/51 MP: 6/6
  1845 | D:3      | Found a shimmering blue altar of Sif Muna.
  1886 | D:3      | Found a glowing drain.
  1893 | Sewer    | Entered a sewer
  2493 | D:3      | Found a shadowy altar of Dithmenos.
  2573 | D:3      | Noticed Sigmund
  2591 | D:3      | Killed Sigmund
  2592 | D:3      | Reached skill level 1 in Spellcasting
  2592 | D:3      | Reached skill level 1 in Transmutations
  2592 | D:3      | Reached XP level 7. HP: 30/57 MP: 6/8
  2597 | D:3      | Learned a level 2 spell: Wereblood
  2730 | D:3      | Noticed Robin
  2749 | D:3      | Killed Robin
  3004 | D:3      | Found a basalt altar of Yredelemnul.
  3037 | D:4      | Found a blossoming altar of Fedhas.
  3122 | D:4      | Found a broken altar of Ashenzari.
  3154 | D:4      | Reached skill level 7 in Dodging
  3184 | D:4      | Noticed Menkaure
  3198 | D:4      | Slain by Menkaure

Illustrated notes

Levels and vault maps discovered:
D:1:      nzn_arrival_settlement, layout_basic, minmay_surrounded
D:2:      layout_loops_corners, kennysheep_crisscross
D:3:      layout_basic, nicolae_overflow_crystal_walls, led_sif_pool,
          lemuel_tele_altar, mainiacjoe_overflow_alcove_1,
          mainiacjoe_overflow_six_doors_small, portal_sewer_entry_e,
          item_on_display_a, uniq_robin, uniq_sigmund, uniq_grinder
D:4:      layout_loops_ring, fedhas_altar_2, mainiacjoe_overflow_24_doors,
          marbit_many_paths, nicolae_ru_the_path_less_chosen,
          mainiacjoe_overflow_small_starburst, minmay_temple_entry_slanted,
          minmay_misc_feat_cross, uniq_menkaure, uniq_blork_the_orc

Skill      XL: |  1  2  3  4  5  6  7 |
---------------+----------------------+-----
Long Blades    | 4 5 6 |  6.4
Fighting       | 4 5 |  5.8
Dodging        | 5 6 7 |  7.0
Spellcasting   | 1 |  1.3
Transmutations | 1 2 |  2.2

Action                     |  1- 3 |  4- 6 |  7- 9 || total
---------------------------+-------+-------+-------++-------
  Melee: Falchion          |    12 |       |       ||    12
         Dagger            |    85 |   100 |       ||   185
         Long sword        |       |    41 |    56 ||    97
         Tailslap          |       |     3 |       ||     3
   Cast: Wereblood         |       |       |     2 ||     2
  Evoke: Wand              |       |     3 |       ||     3
    Use: Scroll            |     4 |     4 |     3 ||    11
         Potion            |       |     3 |     2 ||     5
 Armour: Robe              |    23 |    18 |    10 ||    51
  Dodge: Dodged            |    60 |    98 |    40 ||   198
